 Dungeon Crawl Stone Soup version 0.26.1-11-gd32895ea62 (webtiles) character file.

Game seed: 7023400690992226330

1215 Zeld the Carver (level 8, 54/56 HPs)
             Began as a Human Gladiator on June 4, 2021.
             Quit the game on level 5 of the Dungeon.
             The game lasted 00:04:57 (4270 turns).

Zeld the Carver (Human Gladiator)                   Turns: 4270, Time: 00:04:58

Health: 54/56      AC: 12    Str: 15 (16) XL:     8   Next: 74%
Magic:  8/8        EV:  5    Int:  9      God:
Gold:   189        SH:  0    Dex: 15      Spells: 7/7 levels left

rFire    . . .     SeeInvis .   a - +0 long sword
rCold    . . .     Faith    .   (no shield)
rNeg     . . .     Spirit   .   j - +0 plate armour
rPois    .         Reflect  .   c - +0 helmet
rElec    .         Harm     .   (no cloak)
rCorr    .         Rampage  .   p - +0 pair of gloves
Will     .....                  (no boots)
Stlth    ..........             (no amulet)
HPRegen  0.18/turn              (no ring)
MPRegen  0.11/turn              (no ring)

@: no status effects
A: no striking features
a: no special abilities


You were on level 5 of the Dungeon.
You visited 1 branch of the dungeon, and saw 5 of its levels.

You collected 189 gold pieces.

Inventory:

Hand Weapons
 a - a +0 long sword (weapon)
Missiles
 f - 16 poisoned darts (quivered)
 k - a boomerang
 t - 6 boomerangs of dispersal
Armour
 c - a +0 helmet (worn)
 j - a +0 plate armour (worn)
 p - a +0 pair of gloves (worn)
Jewellery
 b - an uncursed amulet of regeneration {unknown}
 h - an uncursed ring of flight {unknown}
Scrolls
 g - 3 scrolls of enchant weapon {unknown}
 i - 2 scrolls of enchant armour {unknown}
 l - 2 scrolls of identify {unknown}
 r - 2 scrolls of amnesia {unknown}
Potions
 d - a potion of flight
 e - a potion of heal wounds


   Skills:
 - Level 2.0 Fighting
 * Level 10.3 Long Blades
 - Level 2.0 Throwing
 - Level 3.0 Dodging


You had 7 spell levels left.
You didn't know any spells.
Your spell library contained the following spells:

 Spells                   Type           Power        Failure   Level
 Confusing Touch          Hex            0%           100%        3
 Gell's Gravitas          Tloc           0%           100%        3
 Petrify                  Tmut/Erth      0%           100%        4
 Metabolic Englaciation   Hex/Ice        0%           100%        5
 Yara's Violent Unravell  Hex/Tmut       0%           100%        5


Dungeon Overview and Level Annotations

Branches:
Dungeon (5/15)
 Temple: D:4-7

Altars:


Message History

Unknown command.
No target in view!
The hound skeleton bites you but does no damage.
You hit the hound skeleton.
The hound skeleton is moderately damaged.
The hound skeleton bites you but does no damage.
The hound skeleton barely misses you.
You riposte.
You barely miss the hound skeleton.
The hound skeleton is moderately damaged.
The hound skeleton bites you but does no damage.
You slash the hound skeleton!
The hound skeleton is severely damaged.
The hound skeleton bites you.
The hound skeleton bites you but does no damage.
Found 14 stones.
You hit the hound skeleton but do no damage.
The hound skeleton is severely damaged.
The hound skeleton bites you but does no damage.
The hound skeleton barely misses you.
Are you sure you want to abandon this character and quit the game? (Confirm with "yes".)

##.###########.## ##.#####. #.#
#...# #.....#. ##.###### #...#
#####.## ........# #...# ####.##
#..##.#.# #..(###########......
#..##.#.# #...##.......##.##.##
#.....#.#####...##.#####.##.##.#.
#.##..#...............##.#....(#.
#......)..<.....@.....##.#..#....
.................Z....##.#..#.##.
.....##.###[#...#........#.......
.....##.# #.#.<.#.......##.##.###
....###.# #.#...#..##.#.##.##.##
........# #.#...#..##..........#
#.####### #.#...#..####.#....#.#
#.# #....(...# #.#.##.#.## #.#
#.. ..#.. ..#.##.....


You could see a hound skeleton.

Vanquished Creatures
  Pikel (D:5)
  Eustachio (D:5)
  A black bear (D:4)
  An ogre (D:4)
  A lemure (D:5)
  2 howler monkeys (D:5)
  A centaur zombie (D:5)
  A hound (D:4)
  A jelly (D:5)
  An orc priest (D:5)
  An orc wizard (D:5)
  2 bullfrog skeletons (D:4)
  An iguana (D:5)
  A worker ant (D:4)
  A hound skeleton (D:4)
  8 adders
  An ufetubus (D:4)
  An ooze (D:4)
  An adder zombie (D:5)
  A worm (D:5)
  A dart slug (D:3)
  2 leopard geckos (D:4)
  16 orcs
  2 bats (D:3)
  2 giant cockroaches (D:2)
  A goblin (D:1)
  2 hobgoblins
  A jackal (D:4)
  3 kobolds
  A quokka (D:4)
  A frilled lizard (D:4)
  A rat (D:1)
62 creatures vanquished.

Vanquished Creatures (others)
  3 withered plants (D:3)
3 creatures vanquished.

Grand Total: 65 creatures vanquished

Notes
Turn   | Place    | Note
-------+----------+-------------------------------------------
     0 | D:1      | Zeld the Human Gladiator began the quest for the Orb.
     0 | D:1      | Reached XP level 1. HP: 16/16 MP: 1/1
   144 | D:1      | Reached XP level 2. HP: 22/22 MP: 2/2
   206 | D:2      | Reached skill level 4 in Long Blades
   206 | D:2      | Reached XP level 3. HP: 22/27 MP: 3/3
  1083 | D:3      | Reached XP level 4. HP: 28/33 MP: 4/4
  1508 | D:4      | Reached skill level 5 in Long Blades
  1645 | D:4      | Noticed an ogre
  1852 | D:4      | Reached XP level 5. HP: 12/38 MP: 5/5
  2128 | D:4      | Reached skill level 6 in Long Blades
  2242 | D:4      | Reached XP level 6. HP: 33/44 MP: 6/6
  2496 | D:4      | Noticed an ogre
  2503 | D:4      | Killed an ogre
  2510 | D:4      | Reached skill level 7 in Long Blades
  2870 | D:4      | Noticed a black bear
  2886 | D:4      | Killed a black bear
  2887 | D:4      | Reached XP level 7. HP: 32/50 MP: 7/7
  3068 | D:5      | Entered Level 5 of the Dungeon
  3282 | D:5      | Reached skill level 8 in Long Blades
  3336 | D:5      | Noticed Pikel
  3385 | D:5      | HP: 2/50 [Pikel/+1 whip of flaming (1)]
  3417 | D:5      | Killed Pikel
  3418 | D:5      | Reached skill level 9 in Long Blades
  3418 | D:5      | Reached XP level 8. HP: 55/56 MP: 8/8
  3904 | D:5      | Noticed Eustachio
  3944 | D:5      | Killed Eustachio
  3945 | D:5      | Reached skill level 10 in Long Blades
  4270 | D:5      | Quit the game

Illustrated notes

Levels and vault maps discovered:
D:1:      dpeg_arrival_signposts, layout_loops_ring, serial_glass,
          glass_columns_a, glass_columns_a, feat_on_display,
          hangedman_decor_push, minmay_distorted
D:2:      layout_basic, grunt_ministairs_7
D:3:      layout_loops_cross, serial_undead, serial_undead_d, serial_undead_f,
          serial_undead_b, serial_undead_e
D:4:      black_bear_nest_1, layout_cave_pools
D:5:      layout_loops_cross, led_sif_book, serial_bayou_pond_d, uniq_eustachio,
          uniq_pikel

Skill      XL: |  1  2  3  4  5  6  7  8 |
---------------+-------------------------+-----
Long Blades    | 4 5 6 7 9 10 | 10.3
Fighting       | |  2.0
Throwing       | |  2.0
Dodging        | |  3.0

Action                   |  1- 3 |  4- 6 |  7- 9 || total
-------------------------+-------+-------+-------++-------
Melee: Long sword        |    45 |   125 |   170 ||   340
Throw: Throwing net      |       |     4 |       ||     4
  Use: Potion            |       |       |    12 ||    12
 Stab: Held in net/web   |       |     1 |       ||     1
       Invisible         |       |       |     3 ||     3
Armor: Leather armour    |    20 |     1 |       ||    21
       Plate armour      |       |   116 |   178 ||   294
       Skin              |       |       |    32 ||    32
Dodge: Dodged            |    44 |    59 |    57 ||   160
       Rpst.: Long sword |    18 |    16 |    19 ||    53
